 Dungeon Crawl Stone Soup version 0.24.0-10-g970556be89 (webtiles) character file.

Game seed: 17007531875811722633, levelgen mode: deterministic

8874 opiumtea the Blocker (level 11, -1/78 HPs)
             Began as an Octopode Conjurer on Nov 3, 2019.
             Was a Follower of Ashenzari.
             Slain by an ice devil (15 damage)
             ... in an ice cave.
             The game lasted 01:21:58 (20702 turns).

opiumtea the Blocker (Octopode Conjurer)           Turns: 20702, Time: 01:21:58

Health: -1/78      AC:  1    Str: 11    XL:     11   Next: 37%
Magic:  2/17       EV: 14    Int: 20    God:    Ashenzari [*.....]
Gold:   495        SH:  9    Dex: 17    Spells: 2/16 levels left

rFire    x . .     SeeInvis .   I - +3 mace (protect)
rCold    + . .     Gourm    .   j - +2 buckler
rNeg     . . .     Faith    .   (helmet restricted)
rPois    +         Spirit   .   h - amulet of rage
rElec    .         Reflect  .   m - ring of flight
rCorr    .         Harm     .   r - ring of ice
MR       .....                  H - ring of the Demon Prince {Str+4 Dex+3 Stlth+}
Stlth    ++++......             l - ring of poison resistance
HPRegen  0.23/turn              (no ring)
MPRegen  0.15/turn              (no ring)
                                (no ring)
                                (no ring)

@: no status effects
A: almost no armour, stealthy swim, amphibious, 8 rings, constrict 8, camouflage
1, gelatinous body 1
a: Curse Item, Scrying, Renounce Religion, Evoke Berserk Rage, Evoke Flight


You were in an ice cave.
You worshipped Ashenzari.
Ashenzari was aware of your devotion.
You were hungry.

You visited 3 branches of the dungeon, and saw 13 of its levels.
You also visited: Ice Cave.

You collected 495 gold pieces.

Inventory:

Hand Weapons
 c - a +0 short sword
 q - a +1 dagger of draining
 u - a +3 mace of holy wrath
 y - a +0 broad axe
 I - a +3 mace of protection (weapon)
Armour
 j - a +2 buckler (worn)
Jewellery
 h - an amulet of rage (around mantle)
 l - a ring of poison resistance (on tentacle)
 m - a ring of flight (left tentacle)
 r - a ring of ice (right tentacle)
 H - the ring of the Demon Prince (on tentacle) {Str+4 Dex+3 Stlth+}
   (You found it on level 8 of the Dungeon)

   [ring of stealth]

   It affects your strength (+4).
   It affects your dexterity (+3).
   It makes you more stealthy.
Wands
 t - a wand of iceblast (20)
 v - a wand of random effects (19)
 x - a wand of enslavement (11)
 C - a wand of disintegration (22)
 G - a wand of scattershot (1)
 N - a wand of acid (11)
Scrolls
 d - 4 scrolls of remove curse
 e - a scroll of identify
 o - a scroll of magic mapping
 p - 2 scrolls of teleportation
 w - 2 scrolls of immolation {unknown}
 B - a scroll of amnesia {unknown}
 K - a scroll of noise {unknown}
 L - 3 scrolls of blinking
 M - a scroll of fog
 Q - a scroll of enchant weapon
Potions
 a - a potion of might
 f - 2 potions of flight
 g - 5 potions of curing
 i - 2 potions of haste
 k - 2 potions of brilliance
 n - a potion of cancellation
 s - a potion of heal wounds
 z - a potion of resistance
 A - 2 potions of agility
 D - 2 potions of ambrosia
 E - a potion of magic
 F - 5 potions of lignification
 J - a potion of mutation
Comestibles
 b - 9 rations


   Skills:
 * Level 8.8 Fighting
 + Level 0.9 Maces & Flails
 - Level 2.0 Dodging
 - Level 2.6 Stealth
 - Level 9.5 Shields
 - Level 3.4 Spellcasting
 - Level 7.2 Conjurations
 - Level 4.8 Hexes
 + Level 8.6 Evocations


You had 2 spell levels left.
You knew the following spells:

 Your Spells              Type           Power        Failure   Level  Hunger
a - Magic Dart            Conj           ####         1%          1    None
b - Searing Ray           Conj           ####..       1%          2    ##.....
c - Dazzling Spray        Conj/Hex       ####..       3%          3    ###....
d - Iskenderun's Mystic   Conj           ####....     7%          4    ####...
e - Fulminant Prism       Conj/Hex       ####......   11%         4    ####...

Your spell library contained the following spells:

 Spells                   Type           Power        Failure   Level  Hunger
 Force Lance              Conj/Tloc      ###.....     30%         4    ####...


Dungeon Overview and Level Annotations

Branches:
Dungeon (11/15)            Temple (1/1) D:5            Lair (1/6) D:10
    Orc (0/2) D:9           IceCv (1/1)

Altars:
Ashenzari
Cheibriados
Dithmenos
Elyvilon
Fedhas
Gozag
Hepliaklqana
Kikubaaqudgha
Makhleb
Nemelex Xobeh
Okawaru
Qazlal
Trog
Uskayaw
Vehumet
Wu Jian
Xom
Yredelemnul
Zin
The Shining One

Annotations:
D:4 2 transporters, AlterAsc's ghost, amateur DEIE


Innate Abilities, Weirdness & Mutations

You cannot wear most types of armour.
You are very stealthy in the water. (Stealth+)
You are amphibious.
You can wear up to eight rings at the same time.
You can use your tentacles to constrict eight enemies at once.
Your skin changes colour to match your surroundings (Stealth+).
Your rubbery body absorbs attacks. (AC +1, EV +1)


Message History

The ice devil freezes you! You resist.
* * * LOW HITPOINT WARNING * * *
You feel much better. The ice devil hits you! The ice devil freezes you!
You resist. The ice devil misses you.
The ice devil hits you but does no damage.
Evoke which item? (* to show all) (? for menu, Esc to quit)
Aiming: Scattershot
Press: ? - help, Shift-Dir - straight line, f/p - ice devil
Aim: an ice devil (almost dead)
The burst of metal fragments hits the ice devil.
You kill the ice devil!
The ice devil misses you. You block the ice devil's attack.
The ice devil hits you!
* * * LOW HITPOINT WARNING * * *
The ice devil freezes you. You resist.
* * * LOW HITPOINT WARNING * * *
You block the ice devil's attack.
There is an ice covered gate leading back out of this place, spattered with blood here.
The ice devil hits you!
You die...

..# ... .... .....
#### .....# ##..##
......######....##
........##..4....#
............4@∩..#
.................#
......##..##....##
.....# ######..##
..... #### ....
... ..#


You could see 2 ice devils.

Vanquished Creatures
  A gargoyle (D:7)
  3 ice devils (IceCv)
  2 trolls (D:10)
  2 hippogriffs
  2 wraiths
  A spriggan (D:7)
  A wyvern (D:8)
  A hungry ghost (D:6)
  Eustachio (D:6)
  Menkaure (D:7)
  A water moccasin (D:8)
  A hornet zombie (D:8)
  5 sky beasts
  2 phantoms
  7 orc warriors
  3 necrophages (D:10)
  2 ice beasts
  7 ogres
  A centaur (D:8)
  A big kobold (D:10)
  4 bullfrogs
  Blork the orc (D:6)
  2 wyvern zombies
  2 scorpions (D:9)
  6 killer bees
  5 wights (D:8)
  A howler monkey (D:6)
  7 crimson imps
  2 centaur zombies (D:10)
  A quasit (D:8)
  6 hounds
  Crazy Yiuf (D:7)
  2 jellies
  3 bullfrog skeletons
  A gnoll shaman (D:7)
  7 orc priests
  2 centaur skeletons
  11 orc wizards
  An iguana (D:5)
  5 worker ants
  2 hound skeletons
  6 adders
  6 gnolls
  A shadow imp (D:7)
  12 white imps (D:11)
  An ooze (D:6)
  An adder zombie (D:8)
  2 adder skeletons
  A worm (D:2)
  4 dart slugs
  8 leopard geckos
  50 orcs
  4 giant cockroaches
  9 hobgoblins
  24 jackals
  4 quokkas
  2 ball pythons (D:4)
  2 bats
  4 frilled lizards
  3 goblins
  A jackal skeleton (D:3)
  2 jackal zombies (D:5)
  14 kobolds
  2 leopard gecko zombies
  13 rats
  A spectral orc (D:4)
294 creatures vanquished.

Vanquished Creatures (others)
  5 bushes (D:10)
  19 fulminant prisms
  10 plants (D:10)
34 creatures vanquished.

Grand Total: 328 creatures vanquished

Notes
Turn   | Place    | Note
-------+----------+-------------------------------------------
     0 | D:1      | opiumtea the Octopode Conjurer began the quest for the Orb.
     0 | D:1      | Reached XP level 1. HP: 11/11 MP: 3/3
   247 | D:1      | Reached XP level 2. HP: 17/17 MP: 2/5
   282 | D:1      | Learned a level 2 spell: Searing Ray
   983 | D:2      | Reached XP level 3. HP: 17/21 MP: 1/7
  1043 | D:2      | Learned a level 3 spell: Dazzling Spray
  1400 | D:2      | You fall into a shaft and drop 2 floors!
  1434 | D:4      | Reached skill level 2 in Shields
  1434 | D:4      | Reached XP level 4. HP: 4/27 MP: 0/9
  2274 | D:2      | Reached skill level 3 in Shields
  2375 | D:2      | Reached XP level 5. HP: 31/31 MP: 4/10
  2482 | D:3      | Found an iron altar of Okawaru.
  2938 | D:3      | Reached skill level 4 in Shields
  3076 | D:3      | Learned a level 4 spell: Iskenderun's Mystic Blast
  3777 | D:3      | Reached XP level 6. HP: 34/36 MP: 1/11
  4203 | D:4      | Found a shimmering altar of Xom.
  4203 | D:4      | Found a glowing silver altar of Zin.
  4203 | D:4      | Noticed an angel
  4221 | D:4      | Reached skill level 5 in Conjurations
  4361 | D:4      | Found a transporter.
  4365 | D:4      | Noticed AlterAsc's ghost (amateur DEIE)
  4558 | D:4      | Found a hazy altar of Hepliaklqana.
  4833 | D:4      | Found a basalt altar of Yredelemnul.
  5042 | D:4      | Found a transporter.
  5138 | D:5      | Entered Level 5 of the Dungeon
  5138 | D:5      | Noticed a sky beast
  5210 | D:5      | Reached XP level 7. HP: 41/41 MP: 3/12
  6071 | D:5      | Found a staircase to the Ecumenical Temple.
  6446 | D:5      | Reached XP level 8. HP: 30/46 MP: 1/13
  6559 | Temple   | Entered the Ecumenical Temple
  6663 | Temple   | Became a worshipper of Ashenzari the Shackled
  6841 | D:6      | Reached skill level 1 in Fighting
  7166 | D:6      | Noticed Blork the orc
  7177 | D:6      | Killed Blork the orc
  7611 | D:6      | Found an opulent altar of Gozag.
  8013 | D:6      | Found an ornate altar of the Wu Jian Council.
  8013 | D:6      | Found a hide-covered altar of Uskayaw.
  8016 | D:6      | Noticed Eustachio
  8144 | D:6      | Found a burning altar of Makhleb.
  8153 | D:6      | Reached skill level 5 in Fighting
  8302 | D:6      | Noticed a hippogriff
  8613 | D:7      | Noticed a gargoyle
  8766 | D:7      | Reached * piety under Ashenzari
  9095 | D:6      | Reached XP level 9. HP: 58/63 MP: 1/14
  9188 | D:6      | Learned a level 4 spell: Fulminant Prism
  9851 | D:7      | Noticed Menkaure
  9856 | D:7      | Killed Menkaure
 10984 | D:6      | Killed Eustachio
 11547 | D:7      | Found a glowing golden altar of the Shining One.
 11970 | D:6      | Reached skill level 1 in Evocations
 12970 | D:7      | Found a runed translucent door.
 12971 | D:7      | Noticed Crazy Yiuf
 12976 | D:7      | Killed Crazy Yiuf
 13190 | D:8      | Identified the ring of the Demon Prince {Str+4 Dex+3
                  | Stlth+}
 13377 | D:8      | Reached skill level 5 in Evocations
 13509 | D:8      | Reached XP level 10. HP: 41/73 MP: 3/15
 13851 | D:7      | Killed a gargoyle
 13851 | D:7      | Reached skill level 5 in Shields
 14133 | D:8      | Found a shadowy altar of Dithmenos.
 14714 | D:8      | Found a blossoming altar of Fedhas.
 14967 | D:8      | Reached skill level 6 in Shields
 15885 | D:8      | Reached skill level 7 in Shields
 17012 | D:9      | Found a staircase to the Orcish Mines.
 17162 | D:9      | Found a sparkling altar of Nemelex Xobeh.
 17175 | D:9      | Reached skill level 8 in Shields
 17367 | D:9      | Found a white marble altar of Elyvilon.
 17398 | D:10     | Entered Level 10 of the Dungeon
 17883 | D:10     | Found a staircase to the Lair.
 18242 | D:10     | Reached XP level 11. HP: 70/78 MP: 8/16
 18406 | D:10     | Found a blossoming altar of Fedhas.
 18478 | Lair:1   | Entered Level 1 of the Lair of Beasts
 18480 | Lair:1   | Noticed a four-headed hydra
 18887 | D:10     | HP: 2/78 [troll (13)]
 18890 | D:10     | Reached skill level 9 in Shields
 19908 | D:11     | Found a frozen archway.
 20169 | IceCv    | Entered an ice cave
 20702 | IceCv    | Slain by an ice devil

Levels and vault maps discovered:
D:1:      dpeg_arrival_shrine, layout_rooms, serial_bayou_crossing
D:2:      layout_rooms, first_ration
D:3:      layout_loops_ring, lemuel_crystal_altar
D:4:      layout_rooms, grunt_temple_overflow_order_and_chaos_1,
          kennysheep_mini_moat, yredelemnul_forgotten_temple_becter,
          gammafunk_ghost_stat_death, hangedman_decor_riveting
D:5:      layout_layer_cave, minmay_temple_entry_gardened_gates
D:6:      layout_gridville, lemuel_coloured_pillars_altar,
          chequers_temple_overflow_statue_of_worship,
          nicolae_gozag_seed_capital, uniq_eustachio, uniq_blork_the_orc
D:7:      layout_rooms, marbit_many_paths, st_stairs_10, the_bakery,
          minmay_misc_feat_alley, uniq_crazy_yiuf_cottage, uniq_menkaure
D:8:      layout_cave_pools, lemuel_doored_altar, grunt_ministairs_11,
          grunt_dithmenos_smoke
D:9:      layout_cave_pools, lemuel_crystal_altar, elyvilon_altar_5, david_orc_4
D:10:     layout_roguey, lair_entry_dummy, fedhas_altar_decomposition
D:11:     minmay_clustersquares, layout_irregular_city,
          portal_ice_cave_entry_imps
Temple:   chequers_temple_sunken
Lair:1:   layout_regular_city
IceCv:    ice_cave_tombish

Skill      XL: |  1  2  3  4  5  6  7  8  9 10 11 |
---------------+----------------------------------+-----
Spellcasting   | 3 |  3.4
Shields        | 2 3 4 8 9 |  9.5
Conjurations   | 6 7 |  7.2
Hexes          | 3 4 |  4.8
Fighting       | 6 8 |  8.8
Evocations     | 5 7 8 |  8.6
Maces & Flails | |  0.9
Dodging        | |  2.0
Stealth        | |  2.6

Action                   |  1- 3 |  4- 6 |  7- 9 | 10-12 || total
-------------------------+-------+-------+-------+-------++-------
Melee: Short sword       |    14 |    10 |       |       ||    24
       Constrict         |     3 |     3 |     6 |    30 ||    42
       Mace              |       |       |    27 |   187 ||   214
       Tentacles         |       |       |     3 |    44 ||    47
       Unarmed           |       |       |     2 |       ||     2
 Cast: Magic Dart        |    71 |   141 |   179 |   165 ||   556
       Searing Ray       |       |    15 |    37 |    23 ||    75
       Dazzling Spray    |       |     3 |     9 |       ||    12
       Iskenderun's Myst |       |       |    24 |    40 ||    64
       Fulminant Prism   |       |       |     7 |    12 ||    19
 Abil: Evoke Berserk Rag |     1 |       |     1 |       ||     2
Evoke: Wand              |       |       |     4 |     8 ||    12
  Use: Scroll            |     3 |     4 |    12 |     7 ||    26
       Potion            |       |       |     1 |     3 ||     4
 Stab: Sleeping          |       |       |       |     1 ||     1
  Eat: Chunk             |     1 |    13 |    15 |    23 ||    52
       Ration            |       |       |     6 |     3 ||     9
Armor: Skin              |     6 |     2 |    10 |    31 ||    49
Dodge: Dodged            |    16 |    26 |    96 |   135 ||   273
Block: Buckler           |       |     6 |    62 |   115 ||   183
